 Dungeon Crawl Stone Soup version 0.27.1-4-g1640c2035a (webtiles) character file.

Game seed: 14428499312528926949

39674 belegose the Martial Artist (level 14, -2/103 HPs)
             Began as a Djinni Transmuter on Nov 7, 2021.
             Was a High Priest of Makhleb.
             Slain by a redback (15 damage)
             ... on level 3 of the Lair of Beasts.
             The game lasted 01:11:58 (17098 turns).

belegose the Martial Artist (Djinni Transmuter)    Turns: 17098, Time: 01:11:58

Health: -2/103     AC:  2    Str: 19    XL:     14   Next: 40%
Gold:   1426       EV: 28    Int: 26    God:    Makhleb [*****.] SH:  0 Dex: 25

rFire    . . .     SeeInvis .     - Unarmed
rCold    . . .     Faith    .   (shield currently unavailable)
rNeg     . . .     Spirit   .   (armour currently unavailable)
rPois    ∞         Reflect  .   (helmet currently unavailable)
rElec    .         Harm     .   (cloak currently unavailable)
rCorr    .         Rampage  .   (gloves currently unavailable)
Will     +....                  (boots unavailable)
Stlth    +++++.....             g - amulet of regeneration
HPRegen  1.27/turn              A - ring "Rujeulax" {Str+6 Dex+6}
MPRegen  0.00/turn              x - +6 ring of intelligence

@: spider-form, flying, very slightly contaminated
A: venomous fangs, flying, sickness immunity, tiny, (fire resistance 3), (cold
vulnerability 1), float, innate caster, hp casting, extra vitality 1, clever 1,
strong 1
a: End Transformation, Renounce Religion, Minor Destruction, Lesser Servant of
Makhleb, Major Destruction, Greater Servant of Makhleb


You were on level 3 of the Lair of Beasts.
You worshipped Makhleb.
Makhleb was extremely pleased with you.
You were a venomous arachnid creature.
You visited 3 branches of the dungeon, and saw 15 of its levels.
You also visited: Ice Cave.

You collected 1426 gold pieces.

Inventory:

Hand Weapons
 J - the +8 lance "Wyrmbane" {slay drac, rPois rF+ rC+ AC+3}
   (You found it in an ice cave)

   It inflicts extra damage against dragons and draconians.
   AC:        It affects your AC (+3).
   rF:        It protects you from fire.
   rC:        It protects you from cold.
   rPois:     It protects you from poison.
Armour
 e - a +0 pair of gloves of stealth (melded)
 q - a +2 robe of willpower
 t - the +2 robe "Jereps" (melded) {Will+ rCorr Dex+4 Stlth-}
   (You found it on level 4 of the Dungeon)

   Dex:       It affects your dexterity (+4).
   rCorr:     It protects you from acid and corrosion.
   Will:      It increases your willpower.
   Stlth:     It makes you less stealthy.
 v - a +0 cloak (melded)
 C - a +0 troll leather armour
 D - a +2 buckler (melded)
 G - a +0 helmet (melded)
Jewellery
 b - a ring of see invisible
 g - an amulet of regeneration (around neck)
 o - the ring "Ryv Gyza" {+Blink EV+4}
   (You found it on level 11 of the Dungeon)

   [ring of evasion]

   EV:        It affects your evasion (+4).
   +Blink:    It lets you blink.
 x - a +6 ring of intelligence (right front leg)
 A - the ring "Rujeulax" (left front leg) {Str+6 Dex+6}
   (You found it on level 7 of the Dungeon)

   [ring of dexterity]

   Str:       It affects your strength (+6).
   Dex:       It affects your dexterity (+6).
 K - the amulet of Otoideow {Reflect rN+ SH+5}
   (You found it in an ice cave)

   [amulet of reflection]

   It reflects blocked missile attacks.
   rN:        It protects you from negative energy.
   SH:        It affects your SH (+5).
Wands
 I - a wand of iceblast (6)
Scrolls
 a - 5 scrolls of fear
 f - 3 scrolls of blinking
 h - 6 scrolls of fog
 i - 4 scrolls of teleportation
 m - a scroll of magic mapping
 n - 3 scrolls of summoning
 r - a scroll of silence
 y - 2 scrolls of enchant weapon
 E - 2 scrolls of enchant armour
Potions
 c - 3 potions of invisibility
 j - a potion of berserk rage
 l - 8 potions of curing
 p - 2 potions of cancellation
 s - a potion of ambrosia
 w - 4 potions of heal wounds
 B - a potion of lignification
 H - a potion of resistance
Miscellaneous
 k - a box of beasts


   Skills:
 + Level 10.2 Fighting
 + Level 5.3 Armour
 - Level 7.4 Dodging
 + Level 9.3 Stealth
 - Level 4.0 Shields
 + Level 10.7 Unarmed Combat
 + Level 8.0 Spellcasting
 + Level 9.1 Invocations


You had one spell level left.
You knew the following spells:

 Your Spells              Type           Power      Damage    Failure   Level
a - Beastly Appendage     Tmut           100%       N/A       2%          1
b - Wereblood             Tmut           51%        N/A       2%          2
c - Spider Form           Tmut/Pois      25%        N/A       4%          3
d - Ice Form              Ice/Tmut       51%        N/A       8%          4
e - Apportation           Tloc           100%       N/A       2%          1
f - Corpse Rot            Necr/Air       N/A        N/A       2%          2
g - Teleport Other        Tloc           51%        N/A       4%          3
h - Tukima's Dance        Hex            51%        N/A       4%          3
i - Passage of Golubria   Tloc           N/A        N/A       8%          4
j - Fireball              Conj/Fire      25%        3d11      16%         5
Your spell library was empty.

Dungeon Overview and Level Annotations

Branches:
Dungeon (11/15)            Temple (1/1) D:7            Lair (3/6) D:11
 Spider (0/4) Lair:3          Orc (0/2) D:9           IceCv (visited)
  Swamp: Lair:2-4    Shoals: Lair:2-4

Altars:
Ashenzari
Cheibriados
Dithmenos
Elyvilon
Fedhas
Gozag
Hepliaklqana
Kikubaaqudgha
Makhleb
Nemelex Xobeh
Okawaru
Qazlal
Ru
Sif Muna
Trog
Uskayaw
Vehumet
Wu Jian
Xom
Yredelemnul
Zin
The Shining One

Shops:
D:4 *   D:11 !

Annotations:
D:4 Natasha
D:5 exclusion: 2 doors
D:9 2 runed translucent doors, exclusion: 2 doors
D:10 2 transporters, 3 runed translucent doors, exclusion: 3 doors, BigDaddyOpFi's ghost, journeyman MiBe
Lair:1 1 runed translucent door, exclusion: door, pkoi's ghost, novice TrMo


Innate Abilities, Weirdness & Mutations

You are a venomous arachnid creature.
You have poisonous fangs.
You are tiny and dextrous.
You are flying.
Your spellcasting is less reliable in this form.
Your armour is entirely melded.
You are incapable of wielding weapons or throwing items.
You are immune to sickness and miasma.
You are immune to poison.
((Your flesh is almost immune to the effects of heat. (rF+++)))
((You are vulnerable to cold. (rC-)))
You float through the air rather than walking.
You learn spells naturally, not from books.
Your magical power is your life essence.
You have superior vitality. (+4 HP)
Your mind is acute. (Int +2)
Your muscles are strong. (Str +2)


Message History

You barely miss the redback.
The redback is heavily wounded.
The redback bites you! The redback completely misses you.
The redback bites you! The redback completely misses you.
Unknown command.
The redback barely misses you. The redback bites you!
You hit the redback.
The redback is poisoned.
The redback is moderately wounded.
The redback barely misses you. The redback misses you.
You bite the redback!
The redback is poisoned.
The redback is severely wounded.
The redback completely misses you. The redback bites you!
The redback barely misses you. x2
You maul the redback!!
The redback looks as sick as possible!
The redback is severely wounded.
You kill the redback!
Makhleb accepts your kill.
You feel better. The redback bites you. The redback closely misses you.
You bite the redback!
The redback looks as sick as possible!
The redback is almost dead.
You kill the redback!
Makhleb accepts your kill. The redback completely misses you.
You hit the redback but do no damage.
The redback is poisoned.
The redback is moderately wounded.
The redback completely misses you. The redback barely misses you.
You closely miss the redback.
The redback is moderately wounded.
The redback bites you! x2
* * * LOW HITPOINT WARNING * * *
Unknown command.
You bite the redback!
The redback looks even sicker.
The redback is severely wounded.
The redback completely misses you. x2; The redback bites you!
* * * LOW HITPOINT WARNING * * *
The redback completely misses you.
Unknown command.
The redback bites you!
You die...

..........#####..###..........#..
...........#.#....#......#..#....
...#..#.......#..................
#...#...#........................
##....†..†..#....................
.#.....#.P###..s..P....###.......
.......#####^^.##s.....###......#
.......# #^.^##.s..##.##..[.....
.#.....##..^.^##s.:.##.##........
##....(##^^..##.....##.#.........
#....###.^^^.#....###..##........
...##(#...^.##.[...#...........#.
...####.>..##......##..........#.
....###...##......###...........#
##....# ###.......###.........##.
...#..###.PP......#......#.....##
..##...................#..#.#.#.#


You could see 2 redbacks.

Vanquished Creatures
  Erica (D:10)
  5 hydras
  An ice dragon (IceCv)
  2 centaur warriors (D:11)
  A death knight (D:11)
  2 two-headed ogres
  9 death yaks
  Nergalle (Lair:1)
  A deep elf pyromancer (D:11)
  2 cyclopes
  An orc sorcerer (D:11)
  An ugly thing (D:10)
  3 elephants
  2 ice statues (IceCv)
  8 cane toads
  A gargoyle (D:11)
  An unseen horror (D:10)
  5 rime drakes
  A kobold demonologist (D:11)
  5 komodo dragons
  A polar bear (Lair:3)
  4 trolls
  A hornet (D:7)
  A meliai zombie (D:11)
  12 blink frogs
  A spriggan (shapeshifter) (D:11)
  A vampire (D:9)
  2 shadows
  2 redbacks (Lair:3)
  4 wyverns
  A yak (shapeshifter) (D:10)
  Sigmund (D:4)
  2 basilisks
  A wraith (D:11)
  17 yaks
  3 steam dragons
  A vampire mosquito (D:9)
  2 wargs
  An acid dragon (D:9)
  3 water moccasins
  5 orc warriors
  2 black bears (Lair:3)
  A sky beast (D:7)
  A boggart (D:11)
  6 ogres
  7 wolves
  A necrophage (D:4)
  5 centaurs
  A phantom (D:5)
  4 gnoll sergeants
  16 bullfrogs
  2 scorpions
  8 wights
  4 lindwurm simulacra (IceCv)
  5 howler monkeys
  3 centaur zombies
  8 komodo dragon simulacra (IceCv)
  3 jellies
  3 bullfrog skeletons
  2 orc priests (D:7)
  A gnoll shaman (D:9)
  2 iguanas
  Natasha (D:4)
  20 orc wizards
  A killer bee zombie (D:6)
  4 howler monkey zombies
  9 gnolls
  5 acid dragon simulacra (IceCv)
  6 adders
  A shadow imp (D:5)
  4 steam dragon simulacra (IceCv)
  2 worms
  3 dart slugs
  35 orcs
  2 ball pythons
  4 bats
  4 endoplasms
  A giant cockroach (D:2)
  5 goblins
  4 hobgoblins
  6 jackals
  8 kobolds
  2 quokkas (D:1)
  6 frilled lizards
  4 rats
341 creatures vanquished.

Vanquished Creatures (collateral kills)
  A two-headed ogre (D:11)
  3 orc warriors (D:9)
  An ogre (D:9)
  A gnoll sergeant (D:9)
  A gnoll (D:9)
  An orc (D:9)
8 creatures vanquished.

Vanquished Creatures (others)
  A dancing weapon (D:9)
  19 fungi
  15 plants
35 creatures vanquished.

Grand Total: 384 creatures vanquished

Notes
Turn   | Place    | Note
-------+----------+-------------------------------------------
     0 | D:1      | belegose the Djinni Transmuter began the quest for the Orb.
     0 | D:1      | Reached XP level 1. HP: 17/17 MP: 0/0
   327 | D:1      | Reached XP level 2. HP: 22/22 MP: 0/0
   963 | D:1      | Found a faded altar of an unknown god.
  1097 | D:2      | Reached XP level 3. HP: 23/27 MP: 0/0
  1097 | D:2      | Learned a level 1 spell: Apportation
  2279 | D:3      | Reached skill level 1 in Stealth
  2657 | D:3      | Reached XP level 4. HP: 2/33 MP: 0/0
  3240 | D:3      | Reached XP level 5. HP: 35/38 MP: 0/0
  3240 | D:3      | Learned a level 2 spell: Corpse Rot
  3694 | D:4      | Noticed Natasha
  3704 | D:4      | Gained mutation: Your mind is acute. (Int +2) [potion of
                  | mutation]
  3704 | D:4      | Gained mutation: Your flesh is almost immune to the effects
                  | of heat. (rF+++) [potion of mutation]
  3704 | D:4      | Gained mutation: Your muscles are strong. (Str +2) [potion
                  | of mutation]
  3708 | D:4      | Killed Natasha
  4007 | D:4      | Noticed Natasha
  4067 | D:4      | Noticed an ogre
  4205 | D:4      | Found Inoafumu's General Store.
  4361 | D:4      | Reached XP level 6. HP: 31/45 MP: 0/0
  4586 | D:4      | Killed an ogre
  4677 | D:4      | Noticed Sigmund
  4690 | D:4      | Killed Sigmund
  4691 | D:4      | Reached XP level 7. HP: 47/50 MP: 0/0
  4691 | D:4      | Learned a level 3 spell: Teleport Other
  4832 | D:4      | Identified the +2 robe "Jereps" {Will+ rCorr Dex+4 Stlth-}
  5081 | D:5      | Entered Level 5 of the Dungeon
  5302 | D:5      | Reached XP level 8. HP: 56/56 MP: 0/0
  5903 | D:5      | Reached skill level 5 in Unarmed Combat
  5981 | D:5      | Reached skill level 5 in Dodging
  7318 | D:7      | Reached XP level 9. HP: 58/63 MP: 0/0
  7318 | D:7      | Learned a level 3 spell: Tukima's Dance
  7358 | D:7      | Found a staircase to the Ecumenical Temple.
  7396 | Temple   | Entered the Ecumenical Temple
  7587 | Temple   | Became a worshipper of Makhleb the Destroyer
  7740 | D:7      | Reached skill level 1 in Invocations
  7879 | D:7      | Found a sparkling altar of Nemelex Xobeh.
  7890 | D:7      | Reached skill level 5 in Fighting
  7940 | D:7      | Identified the ring "Rujeulax" {Str+6 Dex+6}
  7965 | D:7      | Identified the +1 ring mail of Yesterday {Rampage *Corrode
                  | rF+ Regen+}
  8212 | D:8      | Noticed a hornet
  8220 | D:7      | Reached * piety under Makhleb
  8238 | D:7      | Killed a hornet
  8472 | D:7      | Reached XP level 10. HP: 66/71 MP: 0/0
  8577 | D:8      | Reached skill level 5 in Stealth
  9095 | D:9      | Noticed a centaur warrior
  9096 | D:9      | Found a large runed translucent door.
  9097 | D:9      | Found a large runed translucent door.
  9275 | D:9      | Found a broken altar of Ashenzari.
  9275 | D:9      | Noticed a cyclops
  9288 | D:9      | Reached skill level 5 in Spellcasting
  9292 | D:9      | Reached ** piety under Makhleb
  9297 | D:9      | Killed a cyclops
  9570 | D:9      | Reached skill level 1 in Shields
  9570 | D:9      | Reached XP level 11. HP: 78/78 MP: 0/0
  9570 | D:9      | Learned a level 4 spell: Passage of Golubria
  9772 | D:9      | Found a staircase to the Orcish Mines.
  9961 | D:9      | Noticed a naga warrior
  9996 | D:10     | Entered Level 10 of the Dungeon
 10036 | D:10     | Found a transporter.
 10141 | D:10     | Noticed a deep elf knight
 10142 | D:10     | Noticed an orc sorcerer
 10210 | D:10     | Reached skill level 5 in Invocations
 10224 | D:10     | Found a transporter.
 10229 | D:10     | Noticed a fire crab
 10534 | D:10     | Found a runed translucent gate.
 10534 | D:10     | Noticed a ten-headed hydra
 10535 | D:10     | Found a runed translucent gate.
 10535 | D:10     | Noticed BigDaddyOpFi's ghost (journeyman MiBe)
 10536 | D:10     | Found a runed translucent gate.
 10622 | D:10     | Noticed Erica
 10654 | D:10     | Killed Erica
 10958 | D:11     | Noticed a cyan ugly thing
 10992 | D:11     | Found a frozen archway.
 10999 | IceCv    | Entered an ice cave
 11365 | IceCv    | Found the +8 lance "Wyrmbane" {slay drac, rPois rF+ rC+
                  | AC+3}
 11477 | IceCv    | Noticed an ice dragon
 11658 | IceCv    | Killed an ice dragon
 11662 | IceCv    | Reached *** piety under Makhleb
 11739 | IceCv    | Identified the amulet of Otoideow {Reflect rN+ SH+5}
 11924 | D:11     | Noticed a two-headed ogre
 11961 | D:10     | Killed a two-headed ogre
 11962 | D:10     | Reached XP level 12. HP: 86/86 MP: 0/0
 12104 | D:11     | Found a staircase to the Lair.
 12212 | D:11     | Found Zinel's Distillery.
 12602 | D:11     | Noticed a two-headed ogre
 12630 | D:11     | Noticed a centaur warrior
 12640 | D:11     | Killed a centaur warrior
 12666 | D:11     | Killed a two-headed ogre
 12818 | D:11     | Noticed a two-headed ogre
 12827 | D:11     | Killed a two-headed ogre
 12983 | D:11     | Noticed a death knight
 13159 | D:11     | Noticed a sun demon
 13159 | D:11     | Identified the ring "Ryv Gyza" {+Blink EV+4}
 13178 | D:11     | Reached **** piety under Makhleb
 13191 | D:11     | Noticed an eight-headed hydra
 13404 | D:11     | Killed a death knight
 13453 | D:11     | Noticed a fire crab
 13460 | D:11     | a fire crab changed into a spriggan
 13651 | D:11     | Killed an eight-headed hydra
 13652 | D:11     | Reached skill level 1 in Armour
 13729 | D:11     | Noticed a centaur warrior
 13742 | D:11     | Killed a centaur warrior
 13743 | D:11     | Reached XP level 13. HP: 64/94 MP: 0/0
 13743 | D:11     | Learned a level 5 spell: Fireball
 13855 | Lair:1   | Entered Level 1 of the Lair of Beasts
 14043 | Lair:1   | Noticed Nergalle
 14058 | Lair:1   | Killed Nergalle
 14436 | Lair:1   | Found a runed translucent door.
 14436 | Lair:1   | Found a shimmering altar of Xom.
 14436 | Lair:1   | Noticed pkoi's ghost (novice TrMo)
 15083 | Lair:2   | Noticed a four-headed hydra
 15091 | Lair:1   | Killed a four-headed hydra
 15092 | Lair:1   | Reached skill level 10 in Unarmed Combat
 15387 | Lair:2   | Noticed a four-headed hydra
 15425 | Lair:2   | Killed a four-headed hydra
 15767 | Lair:2   | Noticed a seven-headed hydra
 15804 | Lair:2   | Killed a seven-headed hydra
 16380 | Lair:3   | Reached XP level 14. HP: 80/102 MP: 0/0
 16442 | Lair:3   | Reached ***** piety under Makhleb
 16543 | Lair:3   | Reached skill level 10 in Fighting
 16953 | Lair:3   | Reached skill level 5 in Armour
 17077 | Lair:3   | Found a hole to the Spider Nest.
 17098 | Lair:3   | Slain by a redback

Illustrated notes

Levels and vault maps discovered:
D:1:      onia_arrival_mini_spirals, layout_rooms,
          hellmonk_ecumenical_altar_inner_sanctum, chequers_serial_rivers_room_b
D:2:      layout_basic
D:3:      layout_basic, minmay_goblin_kobold_house
D:4:      layout_loops_ring, serial_shops, shop,
          minmay_fractal_squares_gapless_5, uniq_natasha, uniq_sigmund
D:5:      minmay_polygon_palace, layout_loops_ring, grunt_ministairs_4
D:6:      layout_layer_cave
D:7:      layout_rooms, nemelex_xobeh_ov_fountains_minmay,
          minmay_temple_entry_slanted, kennysheep_generic_room_4
D:8:      layout_cave_pools, grunt_ministairs_9
D:9:      okawaru_arena_lexackson, layout_cave_pools,
          kennysheep_orc_monster_closet_entryway, minmay_ruined_shrine
D:10:     gammafunk_wand_slinger, layout_loops_corners,
          gammafunk_ghost_hydra_chop, patterned_corridor, uniq_erica
D:11:     minmay_the_grid_plus_closed [minmay_the_grid_medium_cups,
          minmay_the_grid_broken_lines, minmay_the_grid_tri_star,
          minmay_the_grid_square_x, minmay_the_grid_prize_inner_circle],
          layout_layer_cave, erik_lair_orcish_takeover,
          portal_ice_cave_entry_pillars_1, serial_shops,
          nicolae_take_the_stairs, kennysheep_potato
Temple:   regret_index_temple_sigil_plot
Lair:1:   layout_long_grid, ebering_ghost_xom, grunt_megastairs_1, uniq_nergalle
Lair:2:   layout_small_grid
Lair:3:   layout_misc_corridors, spider_nest_entry_funnel_web,
          chequers_serial_rivers_marsh, beast_lair_carwin_6

Skill      XL: |  1  2  3  4  5  6  7  8  9 10 11 12 13 14 |
---------------+-------------------------------------------+-----
Stealth        | 1 2 3 4 6 8 9 |  9.3
Spellcasting   | 2 3 4 5 6 7 8 |  8.0
Dodging        | 3 4 5 6 7 |  7.4
Fighting       | 2 3 4 5 6 7 8 9 10 | 10.2
Unarmed Combat | 4 5 6 7 8 9 10 | 10.7
Invocations    | 2 4 6 7 8 9 |  9.1
Shields        | 1 3 4 |  4.0
Armour         | 1 4 5 |  5.3

Action                   |  1- 3 |  4- 6 |  7- 9 | 10-12 | 13-15 || total
-------------------------+-------+-------+-------+-------+-------++-------
Melee: Unarmed           |   132 |    94 |   283 |   518 |   332 ||  1359
       Headbutt          |    14 |     7 |    21 |     2 |       ||    44
       Punch             |     2 |     1 |     4 |       |       ||     7
 Cast: Beastly Appendage |    29 |    12 |    14 |     4 |       ||    59
       Wereblood         |       |     1 |     2 |       |       ||     3
       Spider Form       |       |     3 |    25 |    27 |    20 ||    75
       Ice Form          |       |       |     2 |    26 |    14 ||    42
       Tukima's Dance    |       |       |       |    25 |       ||    25
       Fireball          |       |       |       |       |    11 ||    11
       Teleport Other    |       |       |       |       |     1 ||     1
       Passage of Golubr |       |       |       |       |     1 ||     1
 Abil: End Transformatio |       |       |       |     1 |       ||     1
Evoke: Wand              |       |       |       |     5 |     3 ||     8
       Box of beasts     |       |       |       |     1 |       ||     1
  Use: Potion            |       |     3 |       |     1 |     1 ||     5
       Scroll            |       |       |       |    21 |     2 ||    23
 Stab: Sleeping          |     5 |     3 |     8 |     4 |    10 ||    30
Armor: Robe              |    43 |    11 |    19 |     6 |     1 ||    80
       Skin              |       |     1 |    14 |    78 |    31 ||   124
Dodge: Dodged            |    80 |    59 |   252 |   421 |   282 ||  1094
Block: Buckler           |       |       |       |     8 |    17 ||    25
